 Dungeon Crawl Stone Soup version 0.20.1-1-g8b1a95d (webtiles) character file.

129 empire the Magician (level 4, 0/30 HPs)
             Began as a Mummy Wizard on Oct 23, 2017.
             Slain by a slave (4 damage)
             ... led by Pikel
             ... on level 4 of the Dungeon.
             The game lasted 00:05:02 (3046 turns).

empire the Magician (Mummy Wizard)                  Turns: 3046, Time: 00:05:03

Health: 0/30       AC:  2    Str: 10    XL:     4   Next: 88%
Magic:  10/10      EV: 12    Int: 18    God:
Gold:   161        SH:  0    Dex: 10    Spells: 0/11 levels left

rFire    x . .     SeeInvis .   a - +1 dagger (venom)
rCold    + . .     Gourm    .   (no shield)
rNeg     + + +     Faith    .   d - +0 robe
rPois    ∞         Spirit   .   b - +0 hat
rElec    .         Reflect  .   (no cloak)
rCorr    .         Harm     .   (no gloves)
MR       .....                  (no boots)
Stlth    +++.......             (no amulet)
Regen    0.1/turn               l - ring of stealth
MPRegen  0.2/turn               (no ring)

@: no status effects
A: no food or potions, fire vulnerability, cold resistance 1, negative energy
resistance 3, torment resistance, unbreathing
a: no special abilities


You were on level 4 of the Dungeon.
You were not hungry.

You visited 1 branch of the dungeon, and saw 4 of its levels.

You collected 161 gold pieces.

Inventory:

Hand Weapons
 a - a +1 dagger of venom (weapon)
Missiles
 m - 5 javelins (quivered)
Armour
 b - a +0 hat (worn)
 d - a +0 robe (worn)
Jewellery
 l - a ring of stealth (left hand)
Wands
 i - a wand of clouds (4/9)
Scrolls
 e - a scroll of blinking {unknown}
 f - a scroll of enchant armour {unknown}
 g - 3 scrolls of identify {unknown}
 h - 2 scrolls of teleportation
 j - a scroll of fog {unknown}
 k - a scroll of random uselessness {unknown}
 n - a scroll of amnesia
 o - 2 scrolls of remove curse
Books
 c - a book of Minor Magic

   Spells                             Type                      Level
   a - Magic Dart                     Conjuration                  1
   b - Blink                          Translocation                2
   c - Call Imp                       Summoning                    2
   d - Slow                           Hexes                        2
   e - Conjure Flame                  Conjuration/Fire             3
   f - Mephitic Cloud                 Conjuration/Poison/Air       3


   Skills:
 - Level 1.5 Dodging
 - Level 1.5 Stealth
 - Level 4.0 Spellcasting
 + Level 3.9 Conjurations
 - Level 0.7 Summonings
 - Level 0.7 Translocations


You couldn't memorise any spells.
You knew the following spells:

 Your Spells              Type           Power        Failure   Level  Hunger
a - Magic Dart            Conj           ###.         2%          1    N/A
b - Call Imp              Summ           #.......     17%         2    N/A
c - Conjure Flame         Conj/Fire      ##......     19%         3    N/A
d - Blink                 Tloc           N/A          17%         2    N/A
e - Mephitic Cloud        Conj/Pois/Air  #.......     26%         3    N/A

Dungeon Overview and Level Annotations

Branches:
Dungeon (4/15)
 Temple: D:4-7

Altars:

Annotations:
D:4 Pikel


Innate Abilities, Weirdness & Mutations

You do not eat or drink.
Your flesh is vulnerable to fire.
You are immune to poison.
Your flesh is cold resistant. (rC+)
You are immune to negative energy. (rN+++)
You are immune to unholy pain and torment.
You can survive without breathing.


Message History

Done exploring.
Done exploring.
(D) Dungeon
Where to? (Enter - D:3, ? - help)
There is a stone staircase leading down here.
You climb downwards.
Found a scroll of remove curse.
There is a stone staircase leading up here. 4 slaves and Pikel come into view.
Pikel is wielding a whip of flaming.
Found 2 bubbling silvery potions.
Pikel shouts!
The slave shouts!
The slave shouts! x2
The slave hits you! The slave hits you.
An ooze comes into view.
You see here a scroll of remove curse.
o - 2 scrolls of remove curse (gained 1)
The ooze moves out of view.
The slave hits you! x2
* * * LOW HITPOINT WARNING * * *
The slave hits you.
You die...

#. #.#####
.####.....#
..........#
..........# ..
.......p..#####...#
.......pK.#<......#
........p.........#
...!...p@.#######.#
#######+#........
#....#### #...##
...## #.## ..# #.#


You could see Pikel and 4 slaves.

Vanquished Creatures
  Jessica (D:2)
  3 adders
  3 worms
  A dart slug (D:2)
  3 leopard geckos
  2 orcs (D:3)
  9 bats
  5 giant cockroaches
  9 goblins
  8 hobgoblins
  3 kobolds
  2 ball pythons
  3 frilled lizards
  8 rats
60 creatures vanquished.

Notes
Turn   | Place    | Note
-------+----------+-------------------------------------------
     0 | D:1      | empire the Mummy Wizard began the quest for the Orb.
     0 | D:1      | Reached XP level 1. HP: 13/13 MP: 5/5
    35 | D:1      | Reached skill level 1 in Conjurations
   308 | D:1      | Reached XP level 2. HP: 18/19 MP: 4/7
   803 | D:2      | Noticed Jessica
   810 | D:2      | Killed Jessica
   810 | D:2      | Reached XP level 3. HP: 22/24 MP: 0/8
  1452 | D:2      | Reached XP level 4. HP: 30/30 MP: 10/10
  2941 | D:3      | Learned a level 2 spell: Call Imp
  2945 | D:3      | Learned a level 3 spell: Conjure Flame
  2948 | D:3      | Learned a level 2 spell: Blink
  2952 | D:3      | Learned a level 3 spell: Mephitic Cloud
  3041 | D:4      | Noticed Pikel
  3041 | D:4      | Noticed a slave
  3041 | D:4      | Noticed a slave
  3041 | D:4      | Noticed a slave
  3041 | D:4      | Noticed a slave
  3046 | D:4      | Slain by a slave

Skill      XL: |  1  2  3 |
---------------+----------+-----
Conjurations   | 1 2 3 |  3.9
Dodging        | |  1.5
Stealth        | |  1.5
Spellcasting   | |  4.0
Summonings     | |  0.7
Translocations | |  0.7

Action                   |  1- 3 |  4- 6 || total
-------------------------+-------+-------++-------
Melee: Unarmed           |    17 |       ||    17
       Dagger            |    22 |    50 ||    72
Throw: Javelin           |       |    13 ||    13
 Cast: Magic Dart        |    49 |    38 ||    87
  Use: Scroll            |     3 |       ||     3
 Stab: Sleeping          |       |     1 ||     1
Armor: Robe              |    14 |     5 ||    19
Dodge: Dodged            |    39 |    43 ||    82
